 Dungeon Crawl Stone Soup version 0.29-a0-380-gf50f0a9fbc (webtiles) character file.

Game seed: 5335052372710572927

1600 spaghetti the Skirmisher (level 9, -6/68 HPs)
             Began as a Djinni Fire Elementalist on May 5, 2022.
             Mangled by a gnoll sergeant
             ... wielding a +2 spear of freezing
              (9 damage)
             ... on level 5 of the Dungeon.
             The game lasted 00:12:44 (7048 turns).

spaghetti the Skirmisher (Djinni Fire Elementalist) Turns: 7048, Time: 00:12:44

Health: -6/68      AC:  5    Str:  7    XL:     9   Next: 15%
Gold:   149        EV: 12    Int: 22    God:
                   SH:  0    Dex: 13

rFire   + + +      SeeInvis .   u - staff of conjuration {!a@e2staff}
rCold   x . .      Faith    .   (no shield)
rNeg    . . .      Spirit   .   a - +0 robe
rPois   ∞          Reflect  .   (no helmet)
rElec   .          Harm     .   B - +0 cloak
rCorr   .          Rampage  .   j - +1 pair of gloves
Will    .....                   (boots unavailable)
Stlth   ++........              (no amulet)
HPRegen 0.21/turn               s - ring of protection from fire
MPRegen 0.00/turn               (no ring)

@: flying, very slightly contaminated
A: sickness immunity, fire resistance 2, cold vulnerability 1, float, innate
caster, HP casting, extra vitality 1
a: no special abilities


You were on level 5 of the Dungeon.
You visited 1 branch of the dungeon, and saw 5 of its levels.

You collected 149 gold pieces.


Innate Abilities, Weirdness & Mutations

You are immune to sickness and miasma.
You are immune to poison.
Your flesh is very heat resistant. (rF++)
You are vulnerable to cold. (rC-)
You float through the air rather than walking.
You learn spells naturally, not from books.
Your magical power is your life essence.
You have superior vitality. (+4 MHP)


   Skills:
 + Level 7.5 Fighting
 - Level 2.1 Dodging
 - Level 1.5 Stealth
 + Level 6.4 Spellcasting


You couldn't memorise any spells.
You knew the following spells:

 Your Spells              Type           Power      Damage    Failure   Level
a - Foxfire               Conj/Fire      100%       2x1d9     1%          1
b - Scorch                Fire           70%        2d9       1%          2
c - Conjure Flame         Conj/Fire      52%        6-21      1%          3
d - Inner Flame           Hex/Fire       35%        N/A       1%          3
e - Flame Wave            Conj/Fire      52%        2d11      6%          4
f - Freeze                Ice            100%       1d11      1%          1
g - Static Discharge      Conj/Air       52%        N/A       1%          2
h - Poisonous Vapours     Pois/Air       70%        N/A       1%          2
i - Summon Ice Beast      Ice/Summ       35%        N/A       6%          4
Your spell library was empty.

Inventory:

Hand Weapons
 c - a +0 dagger {short}
   (You took it off a kobold on level 1 of the Dungeon)
 e - a +0 club {mace}
   (You took it off a goblin on level 1 of the Dungeon)
 g - a +0 club {mace}
   (You took it off a goblin on level 1 of the Dungeon)
 h - a +0 short sword {short}
   (You took it off a kobold on level 1 of the Dungeon)
 k - a +0 hunting sling {sling}
   (You found it on level 1 of the Dungeon)
 m - a +0 rapier {short}
   (You found it on level 1 of the Dungeon)
 n - a +0 club {mace}
   (You found it on level 1 of the Dungeon)
 p - a +2 flail of holy wrath {mace}
   (You found it on level 1 of the Dungeon)
 L - a +2 flail of venom {mace}
   (You took it off Edmund on level 5 of the Dungeon)
Missiles
 f - 108 stones {throwing}
 i - 13 poisoned darts {throwing}
 y - 2 atropa-tipped darts {throwing}
Armour
 a - a +0 robe (worn)
 j - a +1 pair of gloves (worn)
   (You found it on level 1 of the Dungeon)
 B - a +0 cloak (worn)
   (You found it on level 3 of the Dungeon)
Magical Staves
 u - a staff of conjuration (weapon) {!a@e2staff}
   (You found it on level 2 of the Dungeon)
Jewellery
 o - an amulet of faith {!P}
   (You found it on level 1 of the Dungeon)
 s - a ring of protection from fire (left hand)
   (You found it on level 2 of the Dungeon)
 E - a ring of flight
   (You found it on level 4 of the Dungeon)
Wands
 C - a wand of acid (9)
   (You took it off Ijyb on level 4 of the Dungeon)
 D - a wand of iceblast (8)
   (You found it on level 4 of the Dungeon)
 I - a wand of charming (11)
   (You found it on level 5 of the Dungeon)
Scrolls
 d - 2 scrolls of magic mapping {!r}
 l - a scroll of blinking {unknown}
 q - 7 scrolls of identify {@r1}
 t - 3 scrolls of vulnerability {unknown}
 v - a scroll of amnesia {unknown}
 z - 4 scrolls of teleportation {unknown}
 H - a scroll of immolation {unknown}
Potions
 b - 2 potions of might {unknown}
 r - 4 potions of lignification {unknown}
 w - 3 potions of flight {unknown}
 x - 2 potions of mutation {unknown}
 A - 2 potions of berserk rage {unknown}
 F - 2 potions of curing {unknown}
 G - a potion of haste {unknown}
 K - a potion of brilliance
 M - a potion of heal wounds {unknown}

Dungeon Overview and Level Annotations

Branches:
Dungeon (5/15)
 Temple: D:4-7

Altars:
Fedhas
Gozag
Hepliaklqana
Kikubaaqudgha
Trog
Vehumet
Wu Jian
Xom

Shops:
D:3

=[ #......#....## ...
....#.######.#### #
..♣♣...#.........# #.
♣......##........## #..
..♣...##.####....#
#...♣..... #...#..#..#
#......gl# ###.#...).###
#.....g.s# #.#.....#.#
#.g@O# #.#.....#.# ####.#
#.####..#..
#.#####.......#.#
#.#...........#.#
#########.#......######.#
#.........#......# #.#
#......#########.######.#
###......# #.........
#.....##.##### #..######.


You could see a gnoll sergeant (combustible, ally target), 2 gnolls, a friendly
ogre (summoned), a friendly scorpion (summoned) and a friendly iguana
(summoned).


Message History

Casting: Foxfire (safe; 1% risk of failure)
Confirm with . or Enter, or press ? or * to list all spells.
You feel a surge of power!
You conjure some foxfire!
The foxfire hits the gnoll.
A gnoll sergeant comes into view.
It is wielding a +2 spear of freezing. 😕 HP[-1]
You take 1 damage, and now have 54/68 hp.
Casting: Foxfire (safe; 1% risk of failure)
Confirm with . or Enter, or press ? or * to list all spells.
Flames lash the gnoll.
The gnoll's fire resistance burns away.
You hear a shout!
The foxfire hits the gnoll but does no damage.
The foxfire hits the gnoll.
The foxfire hits the gnoll!
You kill the gnoll!
A gnoll comes into view. It is wielding a +0 club. 😕 HP[-2]
You take 2 damage, and now have 52/68 hp.
Casting: Scorch (safe; 1% risk of failure)
Confirm with . or Enter, or press ? or * to list all spells.
Flames lash the gnoll.
The gnoll is burned terribly!
You kill the gnoll!
You hear a shout! 😮 HP[-2]
You take 2 damage, and now have 50/68 hp.
Casting: Scorch (safe; 1% risk of failure)
Confirm with . or Enter, or press ? or * to list all spells.
Flames lash the gnoll.
The gnoll's fire resistance burns away.
A gnoll comes into view. It is wielding a +0 flail. 😮 HP[-1]
You take 1 damage, and now have 49/68 hp.
Casting: Scorch (safe; 1% risk of failure)
Confirm with . or Enter, or press ? or * to list all spells.
Flames lash the gnoll.
The gnoll is burned terribly!
You kill the gnoll! 😮 HP[-2]
You take 2 damage, and now have 47/68 hp.
Casting: Scorch (safe; 1% risk of failure)
Confirm with . or Enter, or press ? or * to list all spells.
Flames lash the gnoll sergeant.
The gnoll sergeant's fire resistance burns away. 😮 HP[-2]
You take 2 damage, and now have 45/68 hp.
Casting: Scorch (safe; 1% risk of failure)
Confirm with . or Enter, or press ? or * to list all spells.
Flames lash the gnoll sergeant.
The gnoll sergeant barely misses you. 😮 HP[-2]
You take 2 damage, and now have 43/68 hp.
Casting: Scorch (safe; 1% risk of failure)
Confirm with . or Enter, or press ? or * to list all spells.
Flames lash the gnoll.
The gnoll's fire resistance burns away.
The gnoll sergeant hits you from afar with a +2 spear of freezing.
The gnoll sergeant freezes you. 😮 HP[-6]
You take 6 damage, and now have 37/68 hp.
Casting: Scorch (safe; 1% risk of failure)
Confirm with . or Enter, or press ? or * to list all spells.
Flames lash the gnoll.
The gnoll's fire resistance burns away.
The gnoll sergeant hits you from afar with a +2 spear of freezing.
* * * LOW HITPOINT WARNING * * *
The gnoll sergeant freezes you.
* * * LOW HITPOINT WARNING * * *
The gnoll closely misses you. 😨 HP[-6]
You take 6 damage, and now have 31/68 hp.
Casting: Scorch (safe; 1% risk of failure)
Confirm with . or Enter, or press ? or * to list all spells.
Flames lash the gnoll sergeant.
* * * LOW HITPOINT WARNING * * *
The gnoll sergeant hits you from afar with a +2 spear of freezing.
* * * LOW HITPOINT WARNING * * *
The gnoll sergeant freezes you.
* * * LOW HITPOINT WARNING * * *
😨 HP[-6]
You take 6 damage, and now have 25/68 hp.
Casting: Scorch (safe; 1% risk of failure)
Confirm with . or Enter, or press ? or * to list all spells.
You miscast Scorch.
You are very lightly contaminated with residual magic.
Nothing appears to happen.
* * * LOW HITPOINT WARNING * * *
The gnoll hits you with a +0 flail!
* * * LOW HITPOINT WARNING * * *
The gnoll sergeant hits you from afar with a +2 spear of freezing.
* * * LOW HITPOINT WARNING * * *
The gnoll sergeant freezes you.
* * * LOW HITPOINT WARNING * * *
The gnoll hits you with a +0 club.
* * * LOW HITPOINT WARNING * * *
😱 HP[-17]
You take 17 damage, and now have 8/68 hp.
MASSIVE DAMAGE!! (PAUSE)
Okay, then.
Okay, then.
Okay, then.
As you read the scroll labelled KER WEQOVYTZOS, it crumbles to dust.
Wisps of shadow whirl around you...
It was a scroll of summoning.
The gnoll hits you with a +0 flail.
* * * LOW HITPOINT WARNING * * *
The gnoll sergeant hits you from afar with a +2 spear of freezing!
You die...

Skill      XL: |  1  2  3  4  5  6  7  8 |
---------------+-------------------------+-----
Fighting       | 1 2 4 5 7 |  7.5
Spellcasting   | 3 4 5 6 |  6.4
Dodging        | |  2.1
Stealth        | |  1.5

Action                   |  1- 3 |  4- 6 |  7- 9 || total
-------------------------+-------+-------+-------++-------
Melee: Flail             |     1 |     2 |       ||     3
 Cast: Foxfire           |    66 |    66 |    13 ||   145
       Scorch            |       |     8 |    57 ||    65
       Static Discharge  |       |     5 |     5 ||    10
       Conjure Flame     |       |     1 |       ||     1
       Inner Flame       |       |       |     2 ||     2
       Poisonous Vapours |       |       |     2 ||     2
  Use: Scroll            |       |     1 |     1 ||     2
Armor: Robe              |     1 |     7 |     2 ||    10
Dodge: Dodged            |     6 |    18 |    16 ||    40

Levels and vault maps discovered:
D:1:      nzn_arrival_settlement, layout_basic, hangedman_decor_lopped,
          minmay_misc_feat_encased
D:2:      layout_loops_corners, ebering_ecumenical_altar_box,
          minmay_increasing_density, uniq_natasha
D:3:      layout_loops_ring, serial_shops, nicolae_shop_advertising_works
          [nicolae_subvault_shop_adworks], nicolae_shop_unique_rings
D:4:      layout_basic, minmay_overflow_temple_hex, overflow_temple_1_default,
          kennysheep_generic_room_12, uniq_grinder, uniq_ijyb, uniq_duvessa
D:5:      layout_basic, mainiacjoe_overflow_alcove_1, chequers_garden,
          uniq_eustachio, uniq_edmund

Notes
Turn   | Place    | Note
-------+----------+-------------------------------------------
     0 | D:1      | spaghetti the Djinni Fire Elementalist began the quest for
                  | the Orb.
     0 | D:1      | Reached XP level 1. HP: 15/15 MP: 0/0
     0 | D:1      | magus.rc [v1.9.6]
   334 | D:1      | Reached XP level 2. HP: 17/22 MP: 0/0
   341 | D:1      | Reached skill level 1 in Fighting
  1139 | D:1      | Reached XP level 3. HP: 19/27 MP: 0/0
  1139 | D:1      | Learned a level 1 spell: Freeze
  1436 | D:1      | Reached skill level 3 in Spellcasting
  1879 | D:2      | Reached skill level 2 in Fighting
  1879 | D:2      | Reached XP level 4. HP: 20/33 MP: 0/0
  1881 | D:2      | HP: 5/33 [gnoll/+0 flail (12)]
  2147 | D:2      | Found a faded altar of an unknown god.
  2761 | D:2      | Reached XP level 5. HP: 35/39 MP: 0/0
  2761 | D:2      | Learned a level 2 spell: Static Discharge
  3063 | D:2      | Noticed Natasha
  3070 | D:2      | Killed Natasha
  3071 | D:2      | Reached skill level 3 in Fighting
  3836 | D:3      | Found Juxey's One-of-a-Kind Rings.
  3837 | D:3      | Found Hucvix's Armour Shop.
  4104 | D:4      | Noticed Duvessa
  4104 | D:4      | Noticed Dowan
  4116 | D:4      | Killed Duvessa
  4116 | D:4      | Killed Dowan
  4117 | D:4      | Reached skill level 4 in Fighting
  4117 | D:4      | Reached skill level 4 in Spellcasting
  4117 | D:4      | Reached XP level 6. HP: 21/47 MP: 0/0
  4303 | D:4      | Noticed Ijyb
  4307 | D:4      | Killed Ijyb
  4479 | D:4      | Found a bloodstained altar of Trog.
  4571 | D:4      | Reached XP level 7. HP: 47/53 MP: 0/0
  4571 | D:4      | Learned a level 2 spell: Poisonous Vapours
  4914 | D:4      | Reached skill level 5 in Fighting
  5043 | D:4      | Noticed Grinder
  5047 | D:4      | Killed Grinder
  5048 | D:4      | Reached skill level 5 in Spellcasting
  5048 | D:4      | Reached XP level 8. HP: 40/60 MP: 0/0
  5229 | D:4      | Found a shimmering altar of Xom.
  5229 | D:4      | Found a blossoming altar of Fedhas.
  5229 | D:4      | Found a hazy altar of Hepliaklqana.
  5238 | D:4      | Found an ornate altar of the Wu Jian Council.
  5238 | D:4      | Found an opulent altar of Gozag.
  5681 | D:5      | Entered Level 5 of the Dungeon
  5871 | D:5      | Noticed a troll
  5875 | D:5      | Killed a troll
  5876 | D:5      | Reached skill level 6 in Fighting
  6010 | D:5      | Noticed Eustachio
  6237 | D:5      | Killed Eustachio
  6391 | D:5      | Reached skill level 6 in Spellcasting
  6455 | D:5      | Reached skill level 7 in Fighting
  6823 | D:5      | Noticed Edmund
  6827 | D:5      | Killed Edmund
  6828 | D:5      | Reached XP level 9. HP: 49/68 MP: 0/0
  6828 | D:5      | Learned a level 4 spell: Summon Ice Beast
  7047 | D:5      | HP: 16/68 [gnoll/+0 flail[a gnoll sergeant] (7)]
  7048 | D:5      | HP: 3/68 [gnoll/+0 flail[a gnoll sergeant] (5)]
  7048 | D:5      | Mangled by a gnoll sergeant

Vanquished Creatures
  A troll (D:5)
  Grinder (D:4)
  Eustachio (D:5)
  Edmund (D:5)
  Duvessa (D:4)
  A black bear (D:4)
  2 necrophages (D:5)
  A scorpion (D:5)
  Dowan (D:4)
  A howler monkey (D:4)
  A gnoll shaman (D:4)
  A hound (D:5)
  4 iguanas
  Ijyb (D:4)
  Natasha (D:2)
  13 gnolls
  8 adders
  An ufetubus (D:5)
  A worm (D:2)
  6 dart slugs
  2 orcs
  10 endoplasms
  2 giant cockroaches
  10 goblins
  5 hobgoblins
  2 jackals (D:1)
  A quokka (D:2)
  6 ball pythons
  3 bats (D:1)
  A frilled lizard (D:2)
  12 kobolds
  4 rats
106 creatures vanquished.

Vanquished Creatures (others)
  239 foxfires
239 creatures vanquished.

Grand Total: 345 creatures vanquished

Table legend:
 A = Non-vault XP
 B = Vault XP
 C = Vault XP percentage of total XP
 D = Non-vault monster count
 E = Vault monster count
 F = Vault count percentage of total count
                 A         B        C        D         E       F
            +---------+---------+-------+---------+---------+-------
      Total |    1378 |     908 |  39.7 |      93 |      13 |  12.3
            +---------+---------+-------+---------+---------+-------
        D:1 |      42 |       0 |   0.0 |      22 |       0 |   0.0
        D:2 |     122 |      44 |  26.5 |      25 |       7 |  21.9
        D:3 |      35 |       0 |   0.0 |      11 |       0 |   0.0
        D:4 |     348 |     510 |  59.4 |      16 |       4 |  20.0
        D:5 |     831 |     354 |  29.9 |      19 |       2 |   9.5
            +---------+---------+-------+---------+---------+-------

Illustrated notes

Table legend:
 A = Kills in this place as a percentage of kills in entire the game.
 B = Kills by you in this place as a percentage of kills by you in the entire game.
 C = Kills by friends in this place as a percentage of kills by friends in the entire game.
 D = Other kills in this place as a percentage of other kills in the entire game.
 E = Experience gained in this place as a percentage of experience gained in the entire game.
 F = Experience gained in this place divided by the number of levels of this place that you have seen.
                   A       B       C       D       E      F
               +-------+-------+-------+-------+-------+----------------------
         Total | 100.0 | 100.0 |   N/A |   N/A | 100.0 | 457.2
       Dungeon | 100.0 | 100.0 |   N/A |   N/A | 100.0 | 457.2
               +-------+-------+-------+-------+-------+----------------------

Table legend: (Time is in decaauts)
 A = Elapsed time spent in this place.
 B = Non-inter-level travel time spent in this place.
 C = Inter-level travel time spent in this place.
 D = Time resting spent in this place.
 E = Time spent auto-exploring this place.
 F = Levels seen in this place.
 G = Mean time per level.
                   A        B        C        D        E       F      G
               +--------+--------+--------+--------+--------+-----+--------+
         Total |   7048 |   6826 |    222 |   1360 |   4821 |   5 | 1409.6 |
       Dungeon |   7048 |   6826 |    222 |   1360 |   4821 |   5 | 1409.6 |
               +--------+--------+--------+--------+--------+-----+--------+

Top non-repeatable levels by time:
     D:1: 2054 daAuts
     D:4: 1840 daAuts
     D:2: 1315 daAuts
     D:5: 1162 daAuts
     D:3: 676 daAuts
